AoeStats
← 3379631833

MegaRandom

504366308Analyzed
3v3 RM · 26d ago on Sep 5, 2026· 65m 13s· 6 players
Game mode
Random Map
Map size
Normal (6 player)
Population
200
Speed
Normal
Resources
Standard
Victory
Conquest
Starting age
Dark Age
Ending age
Imperial Age
RankedLock teamsTeams togetherTeam positionsShared explorationLock speedFull tech treeHidden civsTurbo modeCheats
Victory
Defeat
🇨🇳 Huns · China
798
+14
🇭🇰 Inca · Hong Kong SAR China
776
+14
🇦🇺 Teutons · Australia
682
+19
🇷🇺 Mongols · Russia
769
-17
🇬🇧 Burgundians · United Kingdom
729
-15
🇲🇽 Italians · Mexico
723
-15
SlyScissors443
9:00 Loom
11:13 Feudal Age
11:35 Double-Bit Axe
11:42 Horse Collar
12:47 Heavy Plow
13:10 Bow Saw
22:18 Castle Age
21:16 Stone Mining
26:13 Wheelbarrow
25:24 Town Watch
31:52 Fletching
32:42 Ballistics
32:04 Treadmill Crane
32:53 Bodkin Arrow
38:44 Imperial Age
36:31 Hand Cart
36:38 Gold Mining
37:10 Scale Barding Armor
37:15 Forging
37:26 Burgundian Vineyards
38:22 Chain Barding Armor
39:44 Iron Casting
39:27 Elite Coustillier
40:28 Conscription
44:29 Blast Furnace
49:28 Plate Barding Armor
sssrwmi
0:33 Loom
12:03 Feudal Age
12:32 Double-Bit Axe
14:51 Horse Collar
20:26 Castle Age
18:40 Stone Mining
22:02 Bow Saw
23:15 Gold Mining
24:21 Fletching
24:37 Scale Barding Armor
26:44 Gold Shaft Mining
26:56 Stone Shaft Mining
26:42 Pikeman
27:22 Squires
27:27 Scale Mail Armor
29:08 Wheelbarrow
28:19 Town Watch
32:38 Thumb Ring
33:42 Husbandry
33:52 Bloodlines
35:22 Ballistics
35:19 Forging
35:06 Bodkin Arrow
35:11 Padded Archer Armor
40:11 Imperial Age
39:47 Hand Cart
40:33 Chain Barding Armor
41:25 Onager
43:55 Caravan
44:59 Conscription
45:35 Drill
45:49 Elite Mangudai
47:02 Siege Engineers
48:10 Siege Onager
50:07 Heavy Scorpion
LeifErikson8146
5:50 Loom
12:59 Feudal Age
13:48 Double-Bit Axe
17:41 Wheelbarrow
18:42 Fletching
23:12 Padded Archer Armor
25:23 Castle Age
23:23 Gold Mining
25:41 Crossbowman
26:45 Bodkin Arrow
27:30 Thumb Ring
37:44 Leather Archer Armor
41:56 Stone Mining
45:56 Imperial Age
44:22 Horse Collar
45:45 Ballistics
47:40 Bracer
48:07 Elite Genoese Crossbowman
50:34 Ring Archer Armor
54:11 Chemistry
57:14 Bow Saw
3379631833
12:09 Loom
14:39 Feudal Age
15:06 Man-at-Arms
16:45 Double-Bit Axe
21:36 Castle Age
23:22 Gold Mining
44:22 Gold Shaft Mining
43:37 Stone Mining
47:24 Imperial Age
46:24 Forging
46:14 Padded Archer Armor
46:19 Scale Barding Armor
46:15 Scale Mail Armor
46:06 Fletching
49:01 Cavalier
49:42 Husbandry
51:18 Paladin
57:11 Bow Saw
60:39 Wheelbarrow
老歪
2:17 Loom
11:14 Feudal Age
12:01 Double-Bit Axe
18:47 Castle Age
19:11 Fletching
19:23 Padded Archer Armor
19:32 Stone Mining
19:30 Horse Collar
22:18 Bow Saw
22:09 Heavy Plow
25:17 Wheelbarrow
25:52 Gold Mining
26:38 Stone Shaft Mining
27:07 Gold Shaft Mining
28:00 Hand Cart
33:31 Imperial Age
32:59 Forging
32:50 Scale Mail Armor
32:45 Bodkin Arrow
33:06 Leather Archer Armor
34:12 Andean Sling
34:21 Elite Skirmisher
35:07 Thumb Ring
34:33 Pikeman
35:14 Squires
35:46 Conscription
36:08 Treadmill Crane
36:50 Ballistics
37:30 Chemistry
36:26 Murder Holes
36:18 Arrowslits
36:46 Masonry
37:24 Elite Kamayuk
38:39 Bracer
39:09 Ring Archer Armor
39:16 Iron Casting
38:56 Chain Mail Armor
40:05 Fabric Shields
46:33 Blast Furnace
45:49 Chain Mail Armor
48:16 Capped Ram
49:21 Siege Ram
51:28 Halberdier
57:56 Caravan
60:03 Plate Mail Armor
rich_jess
2:18 Loom
15:14 Feudal Age
16:42 Double-Bit Axe
16:52 Gold Mining
16:46 Horse Collar
21:23 Stone Mining
27:43 Castle Age
26:08 Scale Barding Armor
26:04 Scale Mail Armor
26:14 Forging
25:55 Fletching
26:06 Padded Archer Armor
26:26 Bloodlines
30:44 Bodkin Arrow
31:06 Leather Archer Armor
31:28 Bow Saw
34:02 Heavy Plow
35:04 Caravan
36:04 Wheelbarrow
35:16 Town Watch
39:38 Imperial Age
37:48 Chain Barding Armor
37:44 Chain Mail Armor
38:04 Iron Casting
37:29 Pikeman
39:39 Town Patrol
40:12 Man-at-Arms
40:39 Gambesons
40:56 Squires
40:44 Arson
41:02 Long Swordsman
42:21 Ironclad
42:28 Ballistics
43:25 Hand Cart
44:34 Two-Man Saw
44:20 Crop Rotation
44:56 Chemistry
45:18 Siege Engineers
45:33 Fortified Wall
45:07 Cavalier
45:12 Two-Handed Swordsman
45:14 Halberdier
46:31 Ring Archer Armor
46:22 Masonry
47:47 Conscription
48:47 Plate Barding Armor
48:44 Plate Mail Armor
50:22 Blast Furnace
49:14 Onager
50:15 Elite Teutonic Knight
50:46 Champion
53:10 Paladin
57:46 Siege Onager
58:59 Crenellations
Connection lost

Rejoining the realm…

Still unreachable

The connection could not be restored.

Session expired

The server has moved on; the page needs a fresh start.